 Dungeon Crawl Stone Soup version 0.30-a0-121-gb27577e5d9 (webtiles) character file.

Game seed: 3922256152106617655

400878 ragingrage the Spry (level 21, -1/94 (107) HPs)
             Began as a Spriggan Delver on Sept 14, 2022.
             Was the Champion of Hepliaklqana.
             Slain by a shadow dragon (7 damage)
             ... on level 5 of the Vaults.
             The game lasted 01:08:19 (49911 turns).

ragingrage the Spry (Spriggan Delver)              Turns: 49911, Time: 01:08:19

HP:   -1/94 (107)   AC:  3    Str: 14    XL:     21   Next: 95%
MP:   26/29         EV: 54    Int: 13    God:    Hepliaklqana [******]
Gold: 812           SH:  0    Dex: 38    Spells: 16/29 levels left

rFire   + . .      SeeInvis +    O - +9 arbalest (freeze)
rCold   + . .      Faith    .    (shield currently unavailable)
rNeg    . . .      Spirit   .    y - +1 robe "Fajexa Enet" {Dex+5}
rPois   +          Reflect  .    (helmet restricted)
rElec   +          Harm     .    R - scarf {rC+ rF+}
rCorr   +          Rampage  .    (gloves unavailable)
Will    +++..                    (boots unavailable)
Stlth   +++++++...               a - amulet "Wunniaw" {RegenMP Drain rElec rPois}
HPRegen 0.25/turn                i - ring of Beauty {rCorr Str+6 Dex+7}
MPRegen 0.61/turn                T - +4 ring of slaying

@: portalling projectiles, studying Throwing, heavily drained, very quick
A: reduced essence, very small, no large weapons, unfitting armour, see
invisible, speed 3
}: 3/15 runes: barnacled, silver, gossamer
a: Renounce Religion, Recall Ancestor, Ancestor Identity, Transference, Idealise


You were on level 5 of the Vaults.
You worshipped Hepliaklqana.
Hepliaklqana was exalted by your worship.
You visited 8 branches of the dungeon, and saw 39 of its levels.
You visited 1 bazaar.
You also visited: Desolation.

You collected 4658 gold pieces.
You spent 3846 gold pieces at shops.

Inventory:

Hand Weapons
 g - the +9 arbalest of the Eternal Warrior {penet, Fragile Int+4 Dex+3}
   (You bought it in a shop in a bazaar)

   Any ammunition fired by it passes through the targets it hits, potentially
   hitting all targets in its path until it reaches maximum range.
   Int:       It affects your intelligence (+4).
   Dex:       It affects your dexterity (+3).
   Fragile:   It will be destroyed if unequipped.
 O - a +9 arbalest of freezing (weapon)
Missiles
 J - 6 throwing nets
Armour
 y - the +1 robe "Fajexa Enet" (worn) {Dex+5}
   (You bought it in a shop on level 13 of the Dungeon)

   Dex:       It affects your dexterity (+5).
 R - a scarf of resistance (worn)
Jewellery
 a - the amulet "Wunniaw" (around neck) {RegenMP Drain rElec rPois}
   (You bought it in a shop on level 2 of the Orcish Mines)

   [amulet of magic regeneration]

   It increases your rate of magic regeneration.
   rElec:     It insulates you from electricity.
   rPois:     It protects you from poison.
   Drain:     It drains your maximum health when unequipped.
 i - the ring of Beauty (left hand) {rCorr Str+6 Dex+7}
   (You found it on level 3 of the Spider Nest)

   [ring of strength]

   Str:       It affects your strength (+6).
   Dex:       It affects your dexterity (+7).
   rCorr:     It protects you from acid and corrosion.
 q - a +6 ring of dexterity
 s - an amulet of the acrobat
 T - a +4 ring of slaying (right hand)
Wands
 h - a wand of roots (51)
 x - a wand of mindburst (5)
 I - a wand of flame (101)
 P - a wand of polymorph (21)
 W - a wand of paralysis (29)
 X - a wand of light (8)
Scrolls
 c - a scroll of fog
 d - 7 scrolls of magic mapping
 e - 5 scrolls of fear
 k - a scroll of enchant weapon
 v - 20 scrolls of teleportation
 w - 2 scrolls of blinking
 z - 2 scrolls of enchant armour
 B - 2 scrolls of summoning
 E - 7 scrolls of amnesia
 F - 6 scrolls of immolation
 L - 8 scrolls of poison
 U - 7 scrolls of butterflies
 Z - 3 scrolls of silence
Potions
 f - 6 potions of haste
 j - 6 potions of brilliance
 m - 5 potions of mutation
 n - 29 potions of curing
 p - 11 potions of heal wounds
 r - a potion of berserk rage
 A - 9 potions of lignification
 C - 7 potions of ambrosia
 D - 4 potions of attraction
 H - 3 potions of magic
 M - 4 potions of invisibility
 N - 8 potions of might
 Q - 2 potions of flight
 S - 4 potions of cancellation
 Y - 3 potions of resistance
Miscellaneous
 b - a lightning rod (4/4)
 l - a box of beasts
 o - a phial of floods
 t - a phantom mirror
 G - a tin of tremorstones (2/2)
 V - a condenser vane


   Skills:
 + Level 16.1 Fighting
 - Level 3.3 Short Blades
 - Level 18.0 Ranged Weapons
 - Level 6.0 Throwing
 + Level 10.5 Armour
 + Level 20.5 Dodging
 - Level 15.0 Stealth
 + Level 4.8 Spellcasting
 + Level 9.6 Hexes
 + Level 13.0 Necromancy
 + Level 11.5 Translocations
 - Level 9.0 Invocations
 - Level 15.0 Evocations


You had 16 spell levels left.
You knew the following spells:

 Your Spells              Type           Power      Damage    Failure   Level
a - Portal Projectile     Hex/Tloc       60%        N/A       1%          3
b - Animate Dead          Necr           37%        N/A       1%          4
c - Simulacrum            Ice/Necr       10%        N/A       90%         6

Your spell library contained the following spells:

 Spells                   Type           Power      Damage    Failure   Level
 Necrotise                Necr           100%       1d9       1%          1
 Sublimation of Blood     Necr           37%        N/A       1%          2
 Lesser Beckoning         Tloc           33%        N/A       1%          3
 Tukima's Dance           Hex            28%        N/A       1%          3
 Vampiric Draining        Necr           37%        2d8       1%          3
 Passage of Golubria      Tloc           33%        N/A       1%          4
 Agony                    Necr           37%        N/A       2%          5
 Cigotuvi's Dreadful Rot  Necr/Pois/Air  28%        N/A       4%          2
 Ensorcelled Hibernation  Hex/Ice        30%        N/A       4%          2
 Dazzling Flash           Conj/Hex       30%        N/A       8%          3
 Inner Flame              Hex/Fire       15%        N/A       8%          3
 Summon Guardian Golem    Hex/Summ       15%        N/A       8%          3
 Kindle Blastsparks       Fire/Tloc/Air  26%        2d12      12%         3
 Foxfire                  Conj/Fire      12%        2x1d4     19%         1
 Magic Dart               Conj           12%        1d3       19%         1
 Sandblast                Erth           6%         2d5       19%         1
 Shock                    Conj/Air       12%        1d3       19%         1
 Sting                    Tmut/Pois      12%        1d3       19%         1
 Summon Small Mammal      Summ           12%        N/A       19%         1
 Iskenderun's Mystic Bla  Conj/Tloc      18%        2d6       19%         4
 Fulminant Prism          Conj/Hex       7%         3d7       26%         4
 Leda's Liquefaction      Hex/Erth       7%         N/A       26%         4
 Call Imp                 Summ           3%         N/A       28%         2
 Passwall                 Tmut/Erth      2%         N/A       28%         2
 Poisonous Vapours        Pois/Air       6%         N/A       28%         2
 Searing Ray              Conj           6%         2d4       28%         2
 Static Discharge         Conj/Air       6%         3-4/arc   28%         2
 Borgnjor's Vile Clutch   Necr/Erth      10%        N/A       36%         5
 Call Canine Familiar     Summ           3%         N/A       50%         3
 Mephitic Cloud           Conj/Pois/Air  3%         N/A       50%         3
 Ozocubu's Armour         Ice            3%         N/A       50%         3
 Stone Arrow              Conj/Erth      6%         3d7       50%         3
 Swiftness                Air            3%         N/A       50%         3
 Metabolic Englaciation   Hex/Ice        7%         N/A       58%         5
 Silence                  Hex/Air        7%         N/A       58%         5
 Airstrike                Air            1%         2d(1-17)  88%         4
 Animate Armour           Summ/Erth      6%         N/A       88%         4
 Flame Wave               Conj/Fire      3%         2d5       88%         4
 Olgreb's Toxic Radiance  Pois           3%         N/A       88%         4
 Petrify                  Tmut/Erth      3%         N/A       88%         4
 Summon Ice Beast         Ice/Summ       3%         N/A       88%         4
 Summon Lightning Spire   Summ/Air       3%         N/A       88%         4
 Alistair's Intoxication  Tmut/Pois      2%         N/A       99%         5
 Blade Hands              Tmut           1%         N/A       99%         5
 Fireball                 Conj/Fire      1%         3d3       99%         5
 Freezing Cloud           Conj/Ice/Air   1%         6-21      99%         5
 Irradiate                Conj/Tmut      1%         3d12      99%         5
 Lee's Rapid Deconstruct  Erth           1%         3d5*      99%         5
 Infestation              Necr           18%        N/A       99%         8
 Conjure Ball Lightning   Conj/Air       1%         3x3d6     100%        6
 Iron Shot                Conj/Erth      1%         9d1       100%        6
 Starburst                Conj/Fire      1%         6d3       100%        6
 Statue Form              Tmut/Erth      2%         N/A       100%        6
 Dragon Form              Tmut           1%         N/A       100%        7
 Haunt                    Necr/Summ      10%        N/A       100%        7
 Disjunction              Tloc           16%        N/A       100%        8
 Ignition                 Fire           1%         3d3       100%        8
 Chain Lightning          Conj/Air       1%         3d2       100%        9
 Death's Door             Necr           18%        N/A       100%        9
 Fire Storm               Conj/Fire      1%         8d1       100%        9
 Polar Vortex             Ice            1%         N/A       100%        9
 Shatter                  Erth           1%         3d6*      100%        9


Dungeon Overview and Level Annotations

Branches:
Dungeon (15/15)            Temple (1/1) D:4            Lair (5/5) D:11
 Shoals (4/4) Lair:3       Spider (4/4) Lair:3        Slime (0/5) Lair:5
    Orc (2/2) D:9             Elf (3/3) Orc:2        Vaults (5/5) D:14
  Crypt (0/3) Vaults:3     Depths (0/4) D:15        Desolation (visited)

Altars:
Ashenzari
Cheibriados
Dithmenos
Elyvilon
Fedhas
Gozag
Hepliaklqana
Kikubaaqudgha
Makhleb
Nemelex Xobeh
Okawaru
Qazlal
Sif Muna
Trog
Uskayaw
Vehumet
Wu Jian
Xom
Yredelemnul
Zin
The Shining One
Jiyva

Shops:
D:2 *   D:9 (   D:11 [   D:13 :[(   Orc:1 *   Orc:2 ([=*   Elf:1 (   Elf:2 [!!*
Elf:3 *   Shoals:4 [   Vaults:1 [

Portals:
Hell: Lair:5
Trove: D:12 (give 19 potions of curing)

Annotations:
D:2 Sigmund
D:9 2 transporters
Lair:5 2 transporters, HilariousDeathArtist's ghost, journeyman MiTm
Spider:1 exclusion: downstairs
Elf:2 3 runed translucent doors


Innate Abilities, Weirdness & Mutations

Your life essence is reduced to manifest your ancestor. (-10% HP)
You are very small and have problems with some larger weapons.
You are too small for most types of armour.
You have supernaturally acute eyesight. (SInv)
You cover ground extremely quickly. (Speed+++)


Message History

The shadow dragon bites your titan zombie!
Your titan zombie is destroyed!
Your vault guard zombie hits the shadow dragon but does no damage.
Your titan zombie completely misses the shadow dragon.
Unknown command.
You magically shoot a bolt.
The yaktaur shouts!
The bolt hits the shadow dragon!
The shadow dragon is moderately wounded.
Henutmehyt hits the shadow dragon with a +0 broad axe of flaming!
Henutmehyt burns the shadow dragon.
The yaktaur wields a +0 arbalest.
The yaktaur shoots a bolt.
The bolt completely misses you.
The shadow dragon breathes negative energy at you.
The bolt of negative energy hits you!!!
You feel drained.
Ouch! That really hurt!
Your vault guard zombie hits the shadow dragon but does no damage.
Henutmehyt hits the shadow dragon but does no damage.
Your titan zombie hits the shadow dragon but does no damage.
You are too injured to fight recklessly!
You are too injured to fight recklessly!
You are too injured to fight recklessly!
You are too injured to fight recklessly!
You swap places.
The shadow dragon completely misses you.
The shadow dragon closely misses you. x2
Fire: O) +9 arbalest (freeze)
Press: ? - help, Q - select action, (/) - cycle Shift-Dir - straight line, f/p - shadow dragon
Aim: a shadow dragon (heavily wounded, catching its breath, ally target, 83% to hit)
You magically shoot a bolt.
The bolt hits the shadow dragon!
The shadow dragon is heavily wounded.
Henutmehyt hits the shadow dragon with a +0 broad axe of flaming.
Henutmehyt burns the shadow dragon.
Your vault guard zombie hits the shadow dragon but does no damage.
Your titan zombie hits the shadow dragon!
The shadow dragon bites you!
* * * LOW HITPOINT WARNING * * *
You feel drained.
* * * LOW HITPOINT WARNING * * *
The shadow dragon barely misses you. The shadow dragon claws you!
You die...

#..# #.c#..# #..#..#
#..#..# ######..#..#
........#..#
......))...#
###############....#
......Z.......ZR@..#
..............ZD...#
...................#
...................#
###############....#
.....# ..#..#
...#..#


You could see the friendly Henutmehyt the knight (fast, reflecting), a shadow
dragon (catching breath, ally target), a yaktaur, a friendly titan zombie and a
friendly vault guard zombie.

Vanquished Creatures
  A golden dragon (Vaults:5)
  Arachne (Spider:2)
  Jorgrun (Spider:3)
  Mlioglotl (Shoals:2)
  A deep elf master archer (Elf:3)
  2 titans (Vaults:5)
  2 deep elf blademasters (Elf:3)
  2 sphinxes (Vaults:5)
  A storm dragon (Vaults:3)
  2 shadow dragons
  Roxanne (Spider:2)
  2 tengu reavers
  5 emperor scorpions (Spider:4)
  A frost giant (Vaults:5)
  10 vault wardens
  A fire giant (Vaults:5)
  4 orc warlords
  8 deep elf sorcerers
  3 ghost moths
  2 angels (Vaults:1)
  7 ironbound thunderhulks
  2 war gargoyles (Vaults:5)
  4 deep elf elementalists (Elf:3)
  16 ironbound preservers
  A broodmother (Spider:1)
  4 stone giants
  2 very ugly things (Vaults:5)
  A vampire knight (Vaults:3)
  9 deep elf annihilators (Elf:3)
  8 deep elf demonologists (Elf:3)
  3 entropy weavers
  12 dire elephants
  Azrael (Elf:2)
  4 spark wasps
  2 halazid warlocks (Desolation)
  9 deep elf death magi
  2 crystal guardians (Desolation)
  An ettin (D:15)
  4 deep elf high priests
  A fire dragon (D:15)
  2 merfolk javelineers
  5 ragged hierophants (Desolation)
  4 merfolk impalers
  6 yaktaur captains
  6 great orbs of eyes
  4 peacekeepers (Desolation)
  21 vault guards
  5 hydras
  2 servants of whispers (Desolation)
  A merfolk avatar (Shoals:2)
  6 ogre magi
  8 centaur warriors
  A tengu warrior (D:15)
  3 jorogumos
  A catoblepas (Lair:5)
  3 merfolk aquamancers (Shoals:4)
  6 ironbound frosthearts
  4 death yaks (Lair:3)
  8 boulder beetles
  The ghost of Piups the Frost Mage, a journeyman DsIE of Vehumet (Lair:3)
  An alligator snapping turtle (Shoals:3)
  9 two-headed ogres
  11 dancing weapons
  3 orc high priests (Orc:2)
  4 deep elf knights
  A hell knight (Vaults:5)
  2 sun demons
  2 pharaoh ants
  2 obsidian statues (Elf:1)
  6 steelbarb worms
  10 sea snakes
  50 deep trolls
  A lindwurm (shapeshifter) (Vaults:5)
  10 orb spiders
  10 wizards
  A phantasmal warrior (Vaults:5)
  11 ironbound convokers
  12 lindwurms
  5 deep elf archers
  16 deep elf pyromancers
  A necromancer (D:15)
  8 orc knights
  14 wolf spiders
  5 orc sorcerers (Orc:2)
  8 cyclopes
  11 manticores
  7 deep elf zephyrmancers
  28 harpies
  2 moths of wrath
  18 elephants
  A moth of wrath (shapeshifter) (Vaults:2)
  3 black mambas (Lair:3)
  A rust devil (D:11)
  17 fauns
  20 ugly things
  13 vault sentinels
  7 torpor snails
  10 water nymphs
  2 gargoyles
  12 merfolk sirens
  A guardian serpent (Desolation)
  11 cane toads
  A smoke demon (Lair:5)
  Maggie (D:6)
  25 yaktaurs
  An unseen horror (D:12)
  3 rime drakes
  13 komodo dragons
  A yaktaur (shapeshifter) (D:13)
  3 demonic crawlers
  3 ice devils
  An efreet (D:14)
  4 red devils
  A freezing wraith (Vaults:3)
  A tengu conjurer (D:15)
  A polar bear (Lair:3)
  16 merfolk
  2 wind drakes (Shoals:4)
  9 trolls
  A wind drake (shapeshifter) (Elf:1)
  24 tarantellas
  29 saltlings (Desolation)
  A slime creature (shapeshifter) (Vaults:5)
  11 blink frogs
  23 slime creatures
  7 dream sheep
  10 snapping turtles
  19 culicivoras
  A jumping spider (shapeshifter) (D:15)
  20 jumping spiders
  2 air elementals (Elf:3)
  3 centaur simulacra
  A vampire (D:13)
  A yak (shapeshifter) (D:14)
  2 wraiths (D:11)
  5 humans (D:6)
  A steam dragon (D:7)
  2 fire elementals
  7 water elementals
  3 wyverns
  30 yaks
  42 redbacks
  6 basilisks
  2 vampire mosquitoes (D:12)
  A chaos spawn (D:11)
  2 wargs (Orc:2)
  An acid dragon (D:9)
  15 water moccasins
  7 hell hounds
  4 sky beasts
  2 ice beasts
  29 orc warriors
  3 black bears
  6 ogres
  3 wolves
  9 centaurs
  2 kobold brigands
  A phantom (D:6)
  2 necrophages
  9 bullfrogs
  3 earth elementals
  A gnoll sergeant (D:9)
  4 scorpions
  6 wights
  11 killer bees
  4 howler monkeys (D:9)
  6 electric eels
  6 hounds
  A quasit (D:11)
  A gnoll bouda (D:5)
  5 jellies
  16 orc priests
  Terence (D:2)
  3 iguanas
  Natasha (thrice) (D:4)
  19 orc wizards
  5 hell rats (Lair:3)
  13 gnolls
  7 adders
  2 white imps
  3 ufetubi
  4 worms
  6 dart slugs
  63 orcs
  2 bats (D:1)
  11 endoplasms
  2 giant cockroaches (D:4)
  5 goblins
  6 hobgoblins
  19 kobolds
  3 quokkas
  2 training dummies (D:6)
  5 ball pythons
  2 frilled lizards
  6 rats
  A butterfly (Lair:1)
  4 tentacles
1304 creatures vanquished.

Vanquished Creatures (collateral kills)
  A titan (Vaults:5)
  2 krakens
  2 sphinxes
  A fire giant (Vaults:5)
  A deep elf sorcerer (Elf:3)
  2 vault wardens
  An emperor scorpion (Spider:2)
  An imperial myrmidon (Desolation)
  A ghoul (Vaults:3)
  2 stone giants
  An ironbound thunderhulk (Vaults:2)
  8 ironbound preservers
  A halazid warlock (Desolation)
  A dire elephant (shapeshifter) (Vaults:5)
  An entropy weaver (Vaults:2)
  A deep elf annihilator (Elf:3)
  9 dire elephants
  3 ettins
  A spark wasp (Spider:1)
  A deep elf death mage (Elf:1)
  A merfolk javelineer (Shoals:2)
  A merfolk impaler (Shoals:4)
  3 yaktaur captains
  2 ragged hierophants (Desolation)
  A servant of whispers (Desolation)
  6 vault guards (Vaults:5)
  3 peacekeepers (Desolation)
  A radroach (Spider:1)
  A centaur warrior (Vaults:2)
  2 two-headed ogres (D:15)
  3 satyrs
  2 merfolk aquamancers (Shoals:4)
  The ghost of drugrobin the Cleaver, a novice DgDe (Orc:2)
  A boulder beetle (Spider:1)
  A deep elf knight (Elf:3)
  10 deep trolls
  5 lindwurms
  3 orc knights
  A swamp dragon (shapeshifter) (Vaults:5)
  A necromancer (Vaults:5)
  2 phantasmal warriors (Vaults:3)
  A harpy (Shoals:3)
  4 ironbound convokers
  2 wizards
  A deep elf zephyrmancer (Elf:1)
  3 wolf spiders
  3 deep elf pyromancers
  A cyclops (D:15)
  6 ugly things
  3 manticores
  3 fauns
  3 elephants
  A black mamba (shapeshifter) (D:15)
  A vault sentinel (Vaults:2)
  3 cane toads (Lair:5)
  A demonic crawler (Spider:2)
  An ice devil (D:11)
  2 komodo dragons
  6 yaktaurs
  A freezing wraith (Vaults:5)
  3 merfolk
  3 tarantellas
  9 saltlings (Desolation)
  A blink frog (Lair:1)
  A wind drake (Shoals:3)
  A snapping turtle (Shoals:4)
  3 culicivoras
  9 slime creatures
  4 water elementals
  6 yaks
  A fire elemental (Elf:2)
  8 redbacks
  An orc warrior (Orc:1)
  A wolf (Lair:2)
  An orc wizard (Orc:2)
  A hell rat (Lair:3)
  An orc (Orc:1)
  A butterfly (Lair:1)
  A tentacle (Shoals:2)
194 creatures vanquished.

Vanquished Creatures (others)
  Ilsuiw (Shoals:2)
  2 centaur warriors (Vaults:2)
  A titan zombie (Vaults:5)
  2 ogre zombies (Vaults:4)
  A golden dragon zombie (Vaults:5)
  2 ugly thing zombies (Vaults:4)
  2 dire elephant zombies (Vaults:2)
  A guardian serpent (Desolation)
  10 human zombies
  A yaktaur (Vaults:1)
  A redback zombie (Vaults:2)
  A saltling (Desolation)
  A harpy simulacrum (D:14)
  6 deep troll zombies
  A lindwurm zombie (Vaults:4)
  8 ancestors (D:11)
  30 knights
  An orc wizard (Orc:2)
  4 demonic plants (D:11)
  28 fungi
  61 plants
  5 tentacles
170 creatures vanquished.

Grand Total: 1668 creatures vanquished

Notes
Turn   | Place    | Note
-------+----------+-------------------------------------------
     0 | D:5      | ragingrage the Spriggan Delver began the quest for the Orb.
     0 | D:5      | Reached XP level 1. HP: 11/11 MP: 2/2
    20 | D:4      | Noticed Natasha
    23 | D:4      | Noticed a necrophage
    25 | D:4      | Killed Natasha
    26 | D:4      | Reached skill level 3 in Dodging
    26 | D:4      | Reached XP level 2. HP: 16/16 MP: 3/3
    32 | D:4      | Found a staircase to the Ecumenical Temple.
    40 | Temple   | Entered the Ecumenical Temple
    40 | Temple   | Found a transporter.
    40 | Temple   | Found a transporter.
    42 | Temple   | Found a transporter.
    42 | Temple   | Found a transporter.
    78 | D:4      | Found a broken altar of Ashenzari.
   108 | D:4      | Reached XP level 3. HP: 19/19 MP: 4/4
   159 | D:4      | Found an ornate altar of the Wu Jian Council.
   175 | D:3      | Noticed an ogre
   178 | D:3      | Killed an ogre
   179 | D:3      | Reached skill level 4 in Dodging
   179 | D:3      | Reached XP level 4. HP: 24/24 MP: 5/5
   264 | D:2      | Found Zipteinn's General Store.
   607 | D:2      | Reached XP level 5. HP: 28/28 MP: 6/6
   891 | D:1      | Found a faded altar of an unknown god.
   928 | D:1      | Reached skill level 1 in Ranged Weapons
  1645 | D:1      | Found a snail-covered altar of Cheibriados.
  1682 | D:2      | Noticed Terence
  1685 | D:2      | Killed Terence
  1740 | D:2      | Noticed Sigmund
  2653 | D:4      | Reached XP level 6. HP: 32/32 MP: 7/7
  2741 | D:4      | Noticed Natasha
  2752 | D:4      | Killed Natasha
  2942 | D:4      | Noticed Natasha
  2944 | D:4      | Killed Natasha
  2961 | D:4      | Reached skill level 5 in Ranged Weapons
  2971 | D:4      | Reached XP level 7. HP: 23/36 MP: 8/8
  4326 | D:5      | Reached XP level 8. HP: 40/40 MP: 9/9
  4444 | D:5      | Found a sparkling altar of Nemelex Xobeh.
  5147 | D:6      | Reached skill level 10 in Ranged Weapons
  5271 | D:6      | Reached XP level 9. HP: 26/44 MP: 10/10
  5459 | D:6      | Found a snail-covered altar of Cheibriados.
  5494 | D:6      | Noticed Maggie
  5512 | D:6      | Killed Maggie
  7269 | D:8      | Found a shimmering blue altar of Sif Muna.
  7480 | D:8      | Reached XP level 10. HP: 49/49 MP: 11/11
  7917 | D:8      | Found a white marble altar of Elyvilon.
  8142 | D:8      | Found a hide-covered altar of Uskayaw.
  8373 | D:9      | Found Huicioro's Weapon Boutique.
  8418 | D:9      | Found a transporter.
  9468 | D:9      | Found a hazy altar of Hepliaklqana.
  9489 | D:9      | Found a transporter.
  9515 | D:9      | Became a worshipper of Hepliaklqana the Forgotten
  9658 | D:9      | Found a bloodstained altar of Trog.
  9945 | D:9      | Reached skill level 1 in Evocations
  9975 | D:9      | Found a staircase to the Orcish Mines.
 10161 | D:10     | Entered Level 10 of the Dungeon
 10207 | D:10     | Noticed a two-headed ogre
 10238 | D:10     | Killed a two-headed ogre
 10239 | D:10     | Reached skill level 1 in Armour
 10239 | D:10     | Reached skill level 5 in Dodging
 11293 | D:10     | Reached * piety under Hepliaklqana
 11345 | D:11     | Noticed a soul eater
 11345 | D:11     | Noticed a rust devil
 11398 | D:11     | Noticed a boulder beetle
 11941 | D:11     | Found Lyxygh's Armour Shoppe.
 11982 | D:11     | Killed a boulder beetle
 11983 | D:11     | Reached skill level 6 in Dodging
 12090 | D:11     | Reached XP level 11. HP: 48/48 MP: 12/12
 12181 | D:11     | Noticed a sun demon
 12383 | D:11     | Killed a sun demon
 12404 | D:11     | Found a staircase to the Lair.
 12890 | D:11     | Reached skill level 5 in Evocations
 12923 | D:11     | Reached skill level 7 in Dodging
 13623 | D:11     | Reached skill level 5 in Fighting
 13666 | D:12     | Reached ** piety under Hepliaklqana
 13679 | D:12     | Remembered your ancestor Henutmehyt as a knight
 13802 | D:12     | Noticed a boulder beetle
 13821 | D:12     | Killed a boulder beetle
 13929 | D:12     | Noticed a deep elf pyromancer
 13939 | D:12     | Killed a deep elf pyromancer
 13940 | D:12     | Reached skill level 8 in Dodging
 13982 | D:12     | Noticed a centaur warrior
 13994 | D:12     | Killed a centaur warrior
 14081 | D:12     | Reached skill level 15 in Ranged Weapons
 14231 | D:12     | Found a portal to a secret trove of treasure.
 14539 | D:13     | Found Dayna's Weapon Boutique.
 14543 | D:13     | Noticed a five-headed hydra
 14576 | D:12     | Killed a five-headed hydra
 14577 | D:12     | Reached skill level 9 in Dodging
 14620 | D:13     | Bought a +2 shortbow of flaming for 313 gold pieces
 14665 | D:13     | Noticed a centaur warrior
 14675 | D:13     | Killed a centaur warrior
 14676 | D:13     | Reached XP level 12. HP: 16/54 MP: 10/13
 14732 | D:13     | Found Hovosoq's Antique Armour Boutique.
 14739 | D:13     | Noticed a centaur warrior
 14754 | D:13     | Killed a centaur warrior
 14788 | D:13     | Bought a bloodstained robe for 193 gold pieces
 14788 | D:13     | Identified the +1 robe "Fajexa Enet" {Dex+5} (You bought it
                  | in a shop on level 13 of the Dungeon)
 14788 | D:13     | Bought a glowing cloak for 255 gold pieces
 14901 | D:13     | Found Cakyatt's Book Shop.
 14943 | D:13     | Noticed a centaur warrior
 14964 | D:13     | Killed a centaur warrior
 14978 | D:13     | Reached skill level 5 in Armour
 15177 | D:13     | Noticed a boulder beetle
 15196 | D:13     | Killed a boulder beetle
 15197 | D:13     | Reached skill level 10 in Dodging
 15756 | D:13     | Reached *** piety under Hepliaklqana
 16078 | D:13     | Noticed an ogre mage
 16252 | D:13     | Killed an ogre mage
 16253 | D:13     | Reached skill level 1 in Invocations
 16278 | D:13     | Found a hazy altar of Hepliaklqana.
 16279 | D:13     | Found a faded altar of an unknown god.
 16379 | Lair:1   | Entered Level 1 of the Lair of Beasts
 16641 | Lair:1   | Reached skill level 11 in Dodging
 17403 | Lair:2   | Reached **** piety under Hepliaklqana
 17612 | Lair:2   | Reached XP level 13. HP: 48/60 MP: 15/17
 17695 | Lair:2   | Identified the +7 mace "Jyduggal" {vorpal, *Rage rElec
                  | rF++}
 18518 | Lair:3   | Found a runed translucent door.
 18559 | Lair:3   | Noticed Piups's ghost (journeyman DsIE)
 18570 | Lair:3   | Killed Piups's ghost
 18571 | Lair:3   | Reached skill level 12 in Dodging
 18617 | Lair:3   | Reached skill level 5 in Invocations
 18884 | Lair:3   | Found a snail-covered altar of Cheibriados.
 19315 | Lair:3   | Found a hole to the Spider Nest.
 19367 | Lair:3   | Identified a scroll of acquirement
 19367 | Lair:3   | Acquired the ring of Eternity {rCorr Dex+3}
 19417 | Lair:3   | Reached ***** piety under Hepliaklqana
 19663 | Lair:3   | Found a staircase to the Shoals.
 19937 | Lair:4   | Reached skill level 13 in Dodging
 20482 | Lair:4   | Reached XP level 14. HP: 42/66 MP: 19/19
 20985 | Lair:5   | Entered Level 5 of the Lair of Beasts
 20985 | Lair:5   | Found a viscous altar of Jiyva.
 21071 | Lair:5   | Found a staircase to the Slime Pits.
 21350 | Lair:5   | Found a burning altar of Makhleb.
 21512 | Lair:5   | Found a gateway to Hell.
 21867 | Lair:5   | Found a transporter.
 21868 | Lair:5   | Noticed HilariousDeathArtist's ghost (journeyman MiTm)
 21953 | Lair:5   | Found a transporter.
 22294 | Orc:1    | Entered Level 1 of the Orcish Mines
 22389 | Orc:1    | Found Mifroem's Assorted Antiques.
 22408 | Orc:1    | Bought a gluggy blue potion for 20 gold pieces
 22408 | Orc:1    | Bought a potion of heal wounds for 115 gold pieces
 22408 | Orc:1    | Bought an inky potion for 20 gold pieces
 22653 | Orc:2    | Entered Level 2 of the Orcish Mines
 22678 | Orc:2    | Reached skill level 14 in Dodging
 22684 | Orc:2    | Found a staircase to the Elven Halls.
 22738 | Orc:2    | Found a runed translucent door.
 22787 | Orc:2    | Noticed drugrobin's ghost (novice DgDe)
 22878 | Orc:2    | Killed drugrobin's ghost
 22925 | Orc:2    | Found Nassifua's General Store.
 22935 | Orc:2    | Bought a wand of roots (2) for 67 gold pieces
 22995 | Orc:2    | Noticed an orc warlord
 23090 | Orc:2    | Killed an orc warlord
 23187 | Orc:2    | Reached skill level 10 in Stealth
 23348 | Orc:2    | Found Orip Xosta's Antique Weapon Emporium.
 23383 | Orc:2    | Found Baicsets's Antique Armour Emporium.
 23465 | Orc:2    | Found Haiwn's Jewellery Emporium.
 23516 | Orc:1    | Bought a condenser vane for 920 gold pieces
 23516 | Orc:1    | Bought a twisted steel ring for 115 gold pieces
 23920 | D:14     | You fall into a shaft and drop 1 floor!
 23920 | D:15     | Entered Level 15 of the Dungeon
 23990 | D:15     | Reached XP level 15. HP: 57/72 MP: 18/21
 24419 | D:15     | Found a staircase to the Depths.
 24599 | D:15     | Reached ****** piety under Hepliaklqana
 24700 | D:15     | Reached skill level 10 in Fighting
 24849 | D:15     | Reached skill level 15 in Dodging
 25059 | D:15     | Learned a level 6 spell: Simulacrum
 25143 | D:14     | Found an iron altar of Okawaru.
 25398 | D:14     | Reached skill level 10 in Evocations
 25562 | D:14     | Found a gate to the Vaults.
 26042 | Spider:1 | Entered Level 1 of the Spider Nest
 26870 | Spider:2 | Noticed Roxanne
 27116 | Spider:2 | Noticed an emperor scorpion
 27121 | Spider:2 | Killed an emperor scorpion
 27221 | Spider:2 | Noticed Arachne
 27232 | Spider:2 | Killed Arachne
 27233 | Spider:2 | Reached XP level 16. HP: 40/77 MP: 23/23
 27635 | Spider:2 | Killed Roxanne
 27929 | Spider:3 | Noticed Jorgrun
 27935 | Spider:3 | Killed Jorgrun
 28017 | Spider:3 | Identified the ring of Beauty {rCorr Str+6 Dex+7}
 28328 | Spider:4 | Entered Level 4 of the Spider Nest
 28372 | Spider:4 | Reached skill level 15 in Stealth
 28412 | Spider:4 | Reached skill level 1 in Necromancy
 29770 | Spider:4 | Got a gossamer rune of Zot
 30077 | Orc:2    | Bought the amulet "Wunniaw" {RegenMP Drain rElec rPois} for
                  | 468 gold pieces
 30133 | Elf:1    | Entered Level 1 of the Elven Halls
 30467 | Elf:1    | Reached XP level 17. HP: 83/83 MP: 24/24
 30555 | Elf:1    | Reached skill level 16 in Dodging
 30623 | Elf:1    | Found Tozod's Weapon Shoppe.
 31406 | Elf:2    | Found Menile's Distillery.
 31412 | Elf:2    | Reached skill level 5 in Necromancy
 31413 | Elf:2    | Found Qinotiq's Assorted Antiques.
 31413 | Elf:2    | Found Vecw's Antique Armour Shop.
 31416 | Elf:2    | Found Jauceor's Distillery.
 31422 | Elf:2    | Bought a fuming orange potion for 27 gold pieces
 31676 | Elf:2    | Noticed Azrael
 31693 | Elf:2    | Killed Azrael
 31915 | Elf:2    | Found a runed translucent gate.
 31915 | Elf:2    | Found a runed translucent gate.
 31915 | Elf:2    | Found a runed translucent gate.
 32073 | Elf:3    | Entered Level 3 of the Elven Halls
 32259 | Elf:3    | Paralysed by an air elemental for 1 turns
 32266 | Elf:3    | Found Simerph's Assorted Antiques.
 33198 | Elf:3    | Noticed a deep elf blademaster
 33212 | Elf:3    | Noticed a deep elf blademaster
 33356 | Elf:3    | Identified the amulet "Kunt" {Faith Rampage Will+ rCorr}
 33356 | Elf:3    | Noticed a deep elf master archer
 33363 | Elf:3    | Killed a deep elf master archer
 33364 | Elf:3    | Reached skill level 17 in Dodging
 33377 | Elf:3    | Identified the +8 long sword "Brush" {venom, Will++}
 33501 | Elf:3    | Identified the ring of Hefeuff {Contam rPois Str+7 Dex+3}
 33686 | Elf:3    | Identified the +6 demon whip "Etat" {vamp, rElec}
 33686 | Elf:3    | Identified the ring of the Freezing Gods {rPois rCorr Int+6
                  | Slay+2}
 33687 | Elf:3    | Identified the +1 leather armour of Agoraphobia {Contam
                  | rPois rC+}
 33694 | Elf:3    | Killed a deep elf blademaster
 33698 | Elf:3    | Identified the +7 halberd "Suamautt" {vorpal, Will+ Dex+4}
 33698 | Elf:3    | Identified the +3 robe of Infinity {+Inv Regen+ Str+6}
 33698 | Elf:3    | Identified the ring of Wemud {rF+ rC+ SInv}
 33707 | Elf:3    | Noticed a Hell Sentinel
 33882 | Elf:3    | HP: 3/85 [balrug/fireball[a deep elf demonologist] (18)]
 33883 | Elf:3    | Noticed an Ice Fiend
 34256 | Elf:3    | Noticed a Tzitzimitl
 34969 | Elf:3    | Reached skill level 18 in Dodging
 35287 | Elf:3    | Killed a deep elf blademaster
 35288 | Elf:3    | Reached XP level 18. HP: 90/90 MP: 25/25
 35290 | Elf:3    | Got the Textbook on Topological Forms
 35675 | Shoals:1 | Entered Level 1 of the Shoals
 36281 | Shoals:2 | Noticed Ilsuiw
 36685 | Shoals:3 | Identified the ring of the Cicada {rCorr Int+4 Stlth+}
 37303 | Shoals:3 | Reached skill level 19 in Dodging
 37522 | Shoals:4 | Entered Level 4 of the Shoals
 37699 | Shoals:4 | Found Nilowkol's Armour Shoppe.
 37791 | Shoals:4 | Found a blossoming altar of Fedhas.
 37999 | Shoals:4 | Got a barnacled rune of Zot
 38405 | Shoals:4 | Identified the +5 trident "Hydraslayer" {freeze, rC++
                  | Dex-5}
 38487 | Shoals:4 | Identified the +6 hand axe of Doubt {protect, Contam rPois
                  | Int+3}
 38532 | Shoals:4 | Got the Dissertation on Necrotic Excavation
 38913 | Shoals:2 | Killed Ilsuiw
 39516 | Shoals:2 | Noticed Mlioglotl
 39524 | Shoals:2 | Killed Mlioglotl
 39760 | Vaults:1 | Entered Level 1 of the Vaults
 39771 | Vaults:1 | Reached XP level 19. HP: 47/96 MP: 26/26
 39870 | Vaults:1 | Reached skill level 10 in Necromancy
 40531 | Vaults:1 | Found a crumbling gateway.
 40553 | Vaults:1 | Found a glowing golden altar of the Shining One.
 40553 | Vaults:1 | Found a glowing silver altar of Zin.
 40553 | Vaults:1 | Found a white marble altar of Elyvilon.
 40582 | Desolati | Entered the Desolation of Salt
 40639 | Desolati | Reached skill level 20 in Dodging
 41130 | Desolati | Identified the +3 flail of Okawaru, Fortifying {vorpal,
                  | rPois Int+3 Dex-2 Stlth+}
 41154 | Desolati | Reached skill level 1 in Throwing
 41199 | Desolati | Identified the ring of Moodiness {rC+ rN+ Str-5 Int+4}
 41357 | Desolati | HP: 1/90 [halazid warlock/bolt of cold (38)]
 41608 | Desolati | Learned a level 4 spell: Animate Dead
 41612 | Desolati | Learned a level 3 spell: Portal Projectile
 41760 | Desolati | Identified the +6 quarterstaff of Xeladgh {holy, Contam
                  | rElec Int+6 Stlth-}
 41762 | Desolati | Got the Compendium of Metamorphosis
 41777 | Desolati | Identified the +2 battleaxe "Plog" {vorpal, rPois Int+3}
 41914 | Desolati | Reached skill level 1 in Translocations
 41983 | Desolati | Identified the +4 dagger of Movyfaegh {vorpal, rF+ Str+4}
 42213 | Vaults:1 | Found Cicaoj's Armour Emporium.
 42258 | Vaults:1 | Reached skill level 1 in Hexes
 43074 | Vaults:2 | Reached skill level 15 in Fighting
 43215 | Vaults:2 | Reached XP level 20. HP: 96/101 MP: 24/27
 43220 | Vaults:2 | Reached skill level 5 in Throwing
 43588 | Vaults:2 | Reached skill level 5 in Translocations
 44258 | Vaults:2 | Reached skill level 5 in Hexes
 45066 | Vaults:3 | Reached skill level 10 in Armour
 46649 | Vaults:3 | Found a staircase to the Crypt.
 46835 | Vaults:3 | Reached XP level 21. HP: 72/106 MP: 22/28
 47571 | Vaults:4 | Found a flickering gateway to a bazaar.
 47584 | Bazaar   | Entered a bazaar
 47584 | Bazaar   | Found Tuqei's Weapon Boutique.
 47584 | Bazaar   | Found Wetoudw Ilus's Distillery.
 47601 | Bazaar   | Bought a potion of curing for 27 gold pieces
 47601 | Bazaar   | Bought a potion of curing for 27 gold pieces
 47601 | Bazaar   | Bought a potion of heal wounds for 45 gold pieces
 47601 | Bazaar   | Bought a potion of curing for 27 gold pieces
 47601 | Bazaar   | Bought a potion of might for 36 gold pieces
 47604 | Bazaar   | Found Kastrom's Antique Weapon Shop.
 47610 | Bazaar   | Found Zuxeymm's Book Shop.
 47613 | Bazaar   | Found Susyhuo's Weapon Shop.
 47618 | Bazaar   | Bought the Omnibus of Assistive Wanderlust for 304 gold
                  | pieces
 47664 | Bazaar   | Bought the +9 arbalest of the Eternal Warrior {penet,
                  | Fragile Int+4 Dex+3} for 867 gold pieces
 47847 | Vaults:4 | Got Ifypsuq's Precepts of Clouds
 47891 | Vaults:4 | Reached skill level 15 in Evocations
 48148 | Vaults:4 | Reached skill level 10 in Translocations
 48502 | Vaults:4 | Identified the +2 broad axe of Fragile Peace {drain, Str+3
                  | Dex+3}
 48759 | Vaults:4 | Reached skill level 1 in Spellcasting
 48772 | Vaults:5 | Entered Level 5 of the Vaults
 48867 | Vaults:5 | Noticed a golden dragon
 48872 | Vaults:5 | Killed a golden dragon
 49499 | Vaults:5 | Got a silver rune of Zot
 49911 | Vaults:5 | Slain by a shadow dragon

Illustrated notes

Levels and vault maps discovered:
D:1:      dpeg_arrival_water_altar, layout_loops_corners,
          hellmonk_ecumenical_altar_zigzags, serial_aquarium,
          aquarium_bridge_straight [aquarium_subvault_bridge,
          aquarium_subvault_window, aquarium_subvault_bridge,
          aquarium_subvault_wall], aquarium_window_fake, aquarium_window_corner,
          aquarium_view_2c, aquarium_pool_2
D:2:      layout_basic, serial_shops, nicolae_shop_stone, uniq_sigmund,
          uniq_terence
D:3:      layout_basic, grunt_ministairs_10
D:4:      layout_loops_ring, kennysheep_mini_moat, evilmike_ruin_ashenzari,
          temple_fountains, uniq_natasha
D:5:      layout_rooms, mainiacjoe_overflow_alcove_4, uniq_ijyb
D:6:      dreamdust_elfheim, layout_basic, cheibrodos_worm_habitat,
          minmay_ruffians, uniq_maggie
D:7:      layout_basic
D:8:      layout_loops_cross, nicolae_elyvilon_temple_path,
          mainiacjoe_overflow_boulevard, lemuel_round_altar
D:9:      gammafunk_steamed_eel, layout_loops_corners, bloody_trog,
          mainiacjoe_overflow_24_doors, nicolae_concentric_dashed_squares_mild,
          nicolae_stop_n_shop_2
D:10:     layout_basic, minmay_misc_feat_encased
D:11:     layout_loops_cross, lair_entry_dummy, serial_demonic,
          serial_demonic_a, serial_demonic_b, serial_demonic_d,
          serial_demonic_g, serial_shops, nicolae_take_the_stairs,
          portal_ice_cave_demonic_guard, minivault_26
D:12:     layout_long_grid, trove_entry_hex_spiral
D:13:     layout_basic, serial_shops, nicolae_shop_stone, nicolae_stop_n_shop_1,
          kennysheep_mini, beargit_hepliaklqana_dungeon_heroes
D:14:     layout_loops_ring, david_vaults_1, okawaru_trees_2
D:15:     hangedman_depths_entry_civil_slaughter, layout_cave_pools,
          grunt_potential
Temple:   hellmonk_temple_divided_pantheon
Lair:1:   layout_chaotic_city, lemuel_fruit_fields, serial_bayou_shore_a,
          grunt_megastairs_3, serial_bayou_shore_b
Lair:2:   layout_chaotic_city, beast_lair_carwin_10
Lair:3:   layout_cave_pods, elwin_shoals_entry_stream,
          hellmonk_spider_entry_life_and_decay, gammafunk_ghost_grave,
          kennysheep_snail_temple
Lair:4:   layout_cave_pods, beast_lair_carwin_11
Lair:5:   evil_forest, layout_small_grid, nicolae_slime_entry_slimehenge,
          gammafunk_ghost_berserking_beasts
Shoals:1: layout_shoals
Shoals:2: layout_shoals, uniq_ilsuiw, uniq_mlioglotl
Shoals:3: cheibrodos_shoals_satyrical_garden, layout_shoals,
          nzn_prometheus_bound
Shoals:4: shoals_end_simple, layout_shoals, serial_shops, nicolae_shop_trees,
          lemuel_centaur_altar
Spider:1: layout_spider_delve, nicolae_spider_paper_wasps
Spider:2: layout_spider_delve, uniq_arachne, uniq_roxanne
Spider:3: layout_spider_delve, hive_lemuel, uniq_jorgrun
Spider:4: guppyfry_spider_rune
Orc:1:    layout_diamond_mine, serial_shops, nicolae_shop_overgrown_old_shop
Orc:2:    grunt_orc_gardens, layout_caves, grunt_orc_garden, grunt_orc_garden,
          grunt_orc_garden, grunt_orc_garden, ebering_ghost_reflecting_pool,
          guppyfry_library_mini
Elf:1:    eino_elf_arrival_customs, layout_loops_corners, serial_shops, shop,
          minmay_elf_crystal_heptagon, amcnicky_mini_rare_corridor_liquid,
          david_greed
Elf:2:    nicolae_elf_blades_splatter_lattice [nicolae_blade_bullseye],
          layout_geoelf_octagon, minmay_shoptagon, uniq_azrael
Elf:3:    minmay_elf_hall_x, layout_rooms, serial_shops, shop, drop_trap
Vaults:1: portal_desolation_entry_holy_temple, v_pattern_2,
          ontoclasm_vaults_bender, vaults_mumra_lcd,
          nicolae_vaults_three_branches, vaults_room_door_hall,
          vaults_room_fours, layout_vaults_omnigrid, serial_shops, shop
Vaults:2: nicolae_vaults_twisting_passages, v_misc_16, v_alt_pattern_5,
          nicolae_vaults_minivaults, ontoclasm_vaults_tryst,
          grunt_vaults_hallway_short, v_pattern_4,
          nicolae_vaults_little_squares_6, grunt_vaults_swirl,
          nicolae_vaults_little_squares_2, nicolae_vaults_alarming, v_misc_18,
          v_alt_pattern_1, vaults_dpeg_hooks, grunt_vaults_bifocal,
          layout_vaults_maze_bifur
Vaults:3: st_octagons_1, minmay_crypt_entry_simple_plaza, vaults_dpeg_diagonal,
          vaults_dpeg_encased_lava, grunt_vaults_funnel,
          nicolae_vaults_circle_grid_b, v_misc_15,
          hangedman_vaults_stretched_pinwheel, hangedman_vaults_slice,
          ontoclasm_vaults_misaligned, nicolae_vaults_little_squares_2,
          hangedman_vaults_snaps, v_misc_4, v_misc_26,
          nicolae_vaults_mini_display_case, layout_vaults_ring
Vaults:4: v_misc_16, nicolae_vaults_rhombus_7, nicolae_vaults_network_square,
          grunt_vaults_hallway_long, nicolae_vaults_little_squares_4,
          ontoclasm_vaults_eye, serial_ice_g, hangedman_vaults_maws, v_misc_27,
          nicolae_vaults_yaktaur_gun_rack, layout_vaults_big_room, serial_shops,
          bzr_firewalk
Vaults:5: serial_shops

Skill      XL: |  1  2  3  4  5  6  7  8  9 10 11 12 13 14 15 16 17 18 19 20 21 |
---------------+----------------------------------------------------------------+-----
Dodging        | 3 4 6 9 11 13 14 15 18 19 20 | 20.5
Fighting       | 3 4 6 7 8 9 10 12 13 14 15 16 | 16.1
Short Blades   | 3 |  3.3
Stealth        | 8 10 13 15 | 15.0
Ranged Weapons | 3 5 7 10 13 14 15 17 18 | 18.0
Evocations     | 4 5 8 10 11 13 14 15 | 15.0
Armour         | 2 4 5 7 8 9 10 | 10.5
Invocations    | 4 5 7 9 |  9.0
Necromancy     | 4 7 9 11 12 13 | 13.0
Throwing       | 4 6 |  6.0
Translocations | 4 8 11 | 11.5
Hexes          | 3 7 9 |  9.6
Spellcasting   | 4 |  4.8

Action                   |  1- 3 |  4- 6 |  7- 9 | 10-12 | 13-15 | 16-18 | 19-21 || total
-------------------------+-------+-------+-------+-------+-------+-------+-------++-------
Melee: Short sword       |     3 |    32 |       |       |       |       |       ||    35
 Fire: Sling             |       |   132 |   377 |   710 |       |       |       ||  1219
       Shortbow          |       |       |       |   279 |    86 |       |       ||   365
       Arbalest          |       |       |       |       |   801 |  1033 |  1087 ||  2921
Throw: Dart              |       |       |       |    30 |       |       |       ||    30
 Cast: Animate Dead      |       |       |       |       |       |       |    15 ||    15
       Portal Projectile |       |       |       |       |       |       |    45 ||    45
Invok: Recall Ancestor   |       |       |       |    18 |    24 |    35 |    31 ||   108
       Ancestor Life: Kn |       |       |       |     1 |       |       |       ||     1
       Idealise          |       |       |       |       |     1 |       |     1 ||     2
Evoke: Wand              |       |       |       |     6 |       |    12 |       ||    18
       Phial of floods   |       |       |       |       |     1 |     2 |     1 ||     4
       Box of beasts     |       |       |       |       |     1 |     2 |     2 ||     5
       Condenser vane    |       |       |       |       |       |     3 |     2 ||     5
       Phantom mirror    |       |       |       |       |       |     2 |       ||     2
       Tin of tremorston |       |       |       |       |       |     1 |     2 ||     3
       Lightning rod     |       |       |       |       |       |       |     5 ||     5
  Use: Scroll            |       |       |       |     4 |    28 |    10 |     4 ||    46
       Potion            |       |       |       |     2 |     1 |       |     1 ||     4
 Stab: Sleeping          |     3 |     4 |       |       |       |       |       ||     7
Armor: Robe              |       |     2 |     2 |     3 |    14 |    15 |     1 ||    37
       Steam dragon scal |       |       |    13 |    14 |       |       |       ||    27
       Troll leather arm |       |       |       |    13 |       |       |       ||    13
Dodge: Dodged            |     1 |    83 |   139 |   264 |   217 |   396 |   372 ||  1472

Table legend: (Time is in decaauts)
 A = Elapsed time spent in this place.
 B = Non-inter-level travel time spent in this place.
 C = Inter-level travel time spent in this place.
 D = Time resting spent in this place.
 E = Time spent auto-exploring this place.
 F = Levels seen in this place.
 G = Mean time per level.
                   A        B        C        D        E       F      G
               +--------+--------+--------+--------+--------+-----+--------+
         Total |  38437 |  36602 |   1835 |   8602 |  20110 |  41 |  937.5 |
       Dungeon |  13902 |  13072 |    830 |   3100 |   7459 |  15 |  926.8 |
        Temple |     22 |     22 |      0 |      0 |      1 |   1 |   22.0 |
          Lair |   4287 |   3889 |    398 |    521 |   2538 |   5 |  857.4 |
        Shoals |   3360 |   3254 |    106 |    739 |   1873 |   4 |  840.0 |
   Spider Nest |   3109 |   2984 |    125 |    971 |   1303 |   4 |  777.2 |
  Orcish Mines |   1198 |   1078 |    120 |     79 |    695 |   2 |  599.0 |
   Elven Halls |   4302 |   4121 |    181 |   1579 |   1734 |   3 | 1434.0 |
        Vaults |   6858 |   6785 |     73 |   1063 |   4011 |   5 | 1371.6 |
        Bazaar |     69 |     69 |      0 |      0 |     26 |   1 |   69.0 |
    Desolation |   1326 |   1326 |      0 |    546 |    466 |   1 | 1326.0 |
               +--------+--------+--------+--------+--------+-----+--------+

Top non-repeatable levels by time:
   Elf:3: 2892 daAuts
Vaults:3: 2180 daAuts
Vaults:2: 1504 daAuts
    D:10: 1447 daAuts
     D:4: 1423 daAuts
     D:9: 1415 daAuts
    D:13: 1366 daAuts
Desolation: 1326 daAuts
    D:11: 1298 daAuts
Vaults:1: 1203 daAuts
Spider:4: 1182 daAuts
  Lair:3: 1159 daAuts
     D:7: 1118 daAuts
Shoals:4: 1058 daAuts
Vaults:5: 1020 daAuts
